 Dungeon Crawl Stone Soup version 0.21-a0-19-g210df22 (webtiles) character file.

422 Scattercatt the Conjurer (level 6, -5/32 HPs)
             Began as a Deep Elf Conjurer on May 24, 2017.
             Shot with an arrow by a centaur (16 damage)
             ... on level 5 of the Dungeon.
             The game lasted 00:15:28 (4248 turns).

Scattercatt the Conjurer (Deep Elf Conjurer)        Turns: 4248, Time: 00:15:28

Health: -5/32      AC:  4    Str:  3 (5)  XL:     6   Next: 63%
Magic:  4/23       EV: 13    Int: 18 (21) God:
Gold:   182        SH:  0    Dex: 13 (16) Spells: 2/13 levels left

rFire    . . .     SeeInvis .   f - +2 dagger (venom)
rCold    . . .     Gourm    .   (no shield)
rNeg     . . .     Faith    .   a - +0 robe
rPois    .         Spirit   .   (no helmet)
rElec    .         Reflect  .   w - +0 cloak
rCorr    .         Harm     .   (no gloves)
MR       .....     Rnd*Tele +   q - +0 pair of boots
Stlth    ++........             n - amulet of regeneration
Regen    0.5/turn               h - ring of teleportation (curse)
MPRegen  0.2/turn               o - ring of magical power

@: very slightly contaminated
A: no striking features
a: no special abilities


You were on level 5 of the Dungeon.
You were not hungry.

You visited 1 branch of the dungeon, and saw 5 of its levels.
You also visited: Sewer.

You collected 182 gold pieces.

Inventory:

Hand Weapons
 f - a +2 dagger of venom (weapon)
Armour
 a - a +0 robe (worn)
 q - a +0 pair of boots (worn)
 w - a +0 cloak (worn)
Jewellery
 h - a cursed ring of teleportation (left hand)
 j - an uncursed ring of ice
 n - an amulet of regeneration (around neck)
 o - a ring of magical power (right hand)
 t - a cursed ring of loudness {unknown}
Potions
 d - 6 potions of brilliance
 e - a potion of lignification {unknown}
 g - a potion of degeneration
 i - 2 potions of agility
 k - a potion of resistance
 l - a potion of mutation {unknown}
 m - a potion of might {unknown}
 p - a potion of berserk rage {unknown}
 r - a potion of invisibility {unknown}
 x - 3 potions of flight
 A - a potion of haste {unknown}
Books
 b - a book of Conjurations

   Spells                             Type                      Level
   a - Magic Dart                     Conjuration                  1
   b - Searing Ray                    Conjuration                  2
   c - Dazzling Spray                 Conjuration/Hexes            3
   d - Fulminant Prism                Conjuration/Hexes            4
   e - Force Lance                    Conjuration/Translocation    4
   f - Iskenderun's Mystic Blast      Conjuration                  4
Comestibles
 c - 2 bread rations
 s - 2 meat rations
 z - 3 fruits


   Skills:
 - Level 2.4 Dodging
 - Level 2.4 Stealth
 - Level 4.4 Spellcasting
 - Level 5.7 Conjurations
 + Level 4.2 Hexes
 * Level 4.3 Translocations


You had 2 spell levels left.
You knew the following spells:

 Your Spells              Type           Power        Failure   Level  Hunger
a - Magic Dart            Conj           ###.         1%          1    None
b - Searing Ray           Conj           ###...       1%          2    #......
c - Fulminant Prism       Conj/Hex       ###.......   19%         4    ####...
d - Force Lance           Conj/Tloc      ###.....     17%         4    ####...


Dungeon Overview and Level Annotations

Branches:
Dungeon (5/15)
 Temple: D:4-7

Altars:
Dithmenos
Fedhas
Gozag
Kikubaaqudgha


Message History

The centaur is severely wounded.
The blast of energy engulfs the scorpion.
The scorpion is severely wounded.
The blast of energy engulfs the worker ant.
You kill the worker ant!
The blast of energy engulfs the jackal.
You kill the jackal!
A jackal comes into view.
Unknown command.
Unknown command.
Casting: Fulminant Prism
Confirm with . or Enter, or press ? or * to list all spells.
Aiming: Magic Dart
Press: ? - help, Shift-Dir - straight line, f - scorpion
Aim: a scorpion (severely wounded)
The magic dart hits the scorpion.
The scorpion is severely wounded.
The centaur shoots an arrow.
The arrow hits you!
Ouch! That really hurt!
You die...

# #.
##.####+#####
............#
............#
......?s....#
<.....c(@...#
.#.####†##### #.#
###.#############
#.h.............#
#.#.##########.##
#.#+# #..# . #.##
.. #.#


You could see a centaur, a scorpion and a jackal.

Vanquished Creatures
  A crimson imp (D:5)
  A hound (D:5)
  Crazy Yiuf (D:3)
  A jelly (D:5)
  Jessica (D:2)
  2 worker ants (D:5)
  A merfolk siren (Sewer)
  Robin (D:2)
  4 adders
  A river rat (Sewer)
  An ooze (D:3)
  5 worms
  3 dart slugs
  5 leopard geckos
  9 bats
  4 giant cockroaches
  18 goblins
  8 hobgoblins
  12 jackals
  4 ball pythons
  5 frilled lizards
  7 kobolds
  31 rats
126 creatures vanquished.

Vanquished Creatures (others)
  13 fulminant prisms
13 creatures vanquished.

Grand Total: 139 creatures vanquished

Notes
Turn   | Place    | Note
-------+----------+-------------------------------------------
     0 | D:1      | Scattercatt the Deep Elf Conjurer began the quest for the Orb.
     0 | D:1      | Reached XP level 1. HP: 10/10 MP: 6/6
   193 | D:1      | Reached XP level 2. HP: 7/15 MP: 4/8
   497 | D:1      | Reached skill level 5 in Conjurations
   560 | D:1      | Learned a level 2 spell: Searing Ray
   969 | D:1      | Reached XP level 3. HP: 19/19 MP: 7/10
  1607 | D:2      | Noticed Jessica
  1616 | D:2      | Killed Jessica
  1616 | D:2      | Reached XP level 4. HP: 10/24 MP: 0/12
  1828 | D:2      | Learned a level 4 spell: Fulminant Prism
  1831 | D:2      | Noticed Robin
  1832 | D:2      | Reached skill level 1 in Hexes
  1833 | D:2      | Killed Robin
  2023 | D:2      | Found an opulent altar of Gozag.
  2065 | D:2      | Learned a level 4 spell: Force Lance
  2071 | D:2      | Found an ancient bone altar of Kikubaaqudgha.
  2073 | D:2      | Found a blossoming altar of Fedhas.
  2294 | D:3      | Reached skill level 1 in Translocations
  2294 | D:3      | Reached XP level 5. HP: 28/28 MP: 8/13
  2697 | D:3      | Found a shadowy altar of Dithmenos.
  2730 | D:3      | Found a runed door.
  2848 | D:3      | Found a glowing drain.
  2852 | Sewer    | Entered a sewer
  3708 | D:3      | Noticed Crazy Yiuf
  3713 | D:3      | Killed Crazy Yiuf
  3713 | D:3      | Reached XP level 6. HP: 20/32 MP: 11/14
  3919 | D:5      | Entered Level 5 of the Dungeon
  4248 | D:5      | Shot with an arrow by a centaur

Vault maps used:
D:1:      dpeg_arrival_erosion, corexii_leaking_fountain, st_stairs_4,
          minmay_tromino_i2
D:2:      grunt_temple_overflow_growth_and_decay, marbit_many_paths,
          first_bread, uniq_robin, uniq_jessica
D:3:      grunt_dithmenos_smoke, cheibrodos_sewer_entry_bend,
          minmay_misc_feat_iff, uniq_crazy_yiuf_cottage
D:4:      amethyst_overflow_temple_binary, kennysheep_generic_room_7
D:5:      uniq_pikel
Sewer:    sewer_sea

Skill      XL: |  1  2  3  4  5  6 |
---------------+-------------------+-----
Conjurations   | 5 |  5.7
Spellcasting   | 4 |  4.4
Hexes          | 2 3 4 |  4.2
Translocations | 1 3 4 |  4.3
Dodging        | |  2.4
Stealth        | |  2.4

Action                   |  1- 3 |  4- 6 || total
-------------------------+-------+-------++-------
Melee: Dagger            |    13 |    28 ||    41
 Cast: Magic Dart        |    65 |    98 ||   163
       Searing Ray       |     7 |     6 ||    13
       Fulminant Prism   |       |    13 ||    13
       Force Lance       |       |     6 ||     6
  Use: Scroll            |     2 |     5 ||     7
       Potion            |       |    10 ||    10
  Eat: Chunk             |     2 |    10 ||    12
       Bread ration      |       |     1 ||     1
Armor: Robe              |     2 |    15 ||    17
Dodge: Dodged            |    20 |    60 ||    80
